 Dungeon Crawl Stone Soup version 0.31.0-11-ge490571c62 (webtiles) character file.

Game seed: 17193133589299215479

4650 browni3141 the Cleaver (level 10, -17/89 HPs)
             Began as a Minotaur Fighter on Jan 29, 2024.
             Was a Follower of Okawaru.
             Demolished by a two-headed ogre
             ... wielding a +0 giant club
              (20 damage)
             ... on level 8 of the Dungeon.
             The game lasted 00:04:20 (6964 turns).

browni3141 the Cleaver (Minotaur Fighter)           Turns: 6964, Time: 00:04:21

Health: -17/89     AC: 11    Str: 26    XL:     10   Next: 20%
Magic:  9/9        EV: 10    Int:  5    God:    Okawaru [*.....]
Gold:   375        SH:  7    Dex: 21    Spells: 9/9 levels left

rFire   . . .        a - +0 war axe
rCold   . . .        c - +0 buckler
rNeg    . . .        K - +0 swamp dragon scales
rPois   +            (helmet restricted)
rElec   .            J - +1 cloak {Will+}
rCorr   .            (no gloves)
SInv    .            (no boots)
Will    +....        (no amulet)
Stlth   +            q - +6 ring of dexterity
HPRegen 0.34/turn    H - +6 ring of dexterity
MPRegen 0.11/turn

%: no passive effects
@: no status effects
A: horns 2, retaliatory headbutt
a: Renounce Religion, Heroism


You were on level 8 of the Dungeon.
You worshipped Okawaru.
Okawaru was aware of your devotion.
You visited 2 branches of the dungeon, and saw 9 of its levels.

You collected 375 gold pieces.

Inventory:

Hand Weapons
 a - a +0 war axe (weapon)
Missiles
 o - 8 boomerangs (quivered)
 B - a throwing net
Armour
 b - a +0 scale mail
 c - a +0 buckler (worn)
 s - a +0 cloak
 t - a +0 chain mail
 w - a +0 plate armour
 G - a +1 cloak
 J - a +1 cloak of willpower (worn)
 K - +0 swamp dragon scales (worn)
Jewellery
 i - a ring of wizardry
 q - a +6 ring of dexterity (left hand)
 E - a ring of resist corrosion
 H - a +6 ring of dexterity (right hand)
Wands
 v - a wand of paralysis (2)
 y - a wand of light (2)
 C - a wand of flame (9)
 F - a wand of polymorph (8)
Scrolls
 e - 6 scrolls of poison
 f - a scroll of immolation
 g - 6 scrolls of teleportation
 l - a scroll of amnesia {unknown}
 m - 2 scrolls of fog {unknown}
 n - a scroll of brand weapon {unknown}
 r - 7 scrolls of identify
 A - a scroll of enchant armour {unknown}
 D - a scroll of enchant weapon {unknown}
Potions
 h - 2 potions of brilliance {unknown}
 j - 2 potions of curing {unknown}
 k - 2 potions of lignification {unknown}
 p - 2 potions of mutation {unknown}
 u - a potion of haste {unknown}
 x - 2 potions of heal wounds {unknown}
 z - a potion of degeneration {unknown}
 I - a potion of resistance {unknown}


   Skills:
 + Level 8.3 Fighting
 * Level 10.6 Axes
 + Level 4.0 Throwing
 + Level 8.2 Armour
 + Level 8.2 Shields
 + Level 3.7 Evocations


You had 9 spell levels left.
You didn't know any spells.
Your spell library contained the following spells:

 Spells                   Type           Power      Damage    Failure   Level
 Dazzling Flash           Conj/Hex       0%         N/A       95%         3
 Volatile Blastmotes      Fire/Tloc      0%         2d10      95%         3
 Ignite Poison            Fire/Alch      0%         N/A       100%        4
 Sticky Flame             Fire/Alch      0%         2d4       100%        4
 Starburst                Conj/Fire      0%         6d3       100%        6
 Ignition                 Fire           0%         3d3       100%        8
 Maxwell's Capacitive Co  Air            0%         ∞         100%        8


Dungeon Overview and Level Annotations

Branches:
Dungeon (8/15)             Temple (1/1) D:7
   Lair: D:8-11

Altars:
Ashenzari
Cheibriados
Dithmenos
Elyvilon
Fedhas
Kikubaaqudgha
Okawaru
Qazlal
Ru
Sif Muna
Trog
Uskayaw
Vehumet
Wu Jian
Xom
Zin
The Shining One


Innate Abilities, Weirdness & Mutations

You have a pair of horns on your head.
You reflexively headbutt those who attack you in melee.


Message History

An orc comes into view. It is wielding a +0 whip.
There are monsters nearby!
The orc shouts! x2
You hit the orc priest but do no damage.
The orc priest misses you.
There are monsters nearby!
You slash the orc priest!
The orc priest is heavily wounded.
The orc priest misses you.
There are monsters nearby!
You slash the orc priest!
You kill the orc priest!
Okawaru accepts your kill.
You slash the orc!
You kill the orc!
Okawaru accepts your kill.
An orc is nearby!
The orc throws a boomerang.
Things that are here:
a +0 dagger; a +0 short sword; a +0 leather armour You barely miss something.
Something hits you.
There are monsters nearby!
You closely miss something. Your headbutt misses something.
You barely miss the orc. You hit something.
Something hits you but does no damage.
The orc zaps a wand.
The roots erupt in riotous growth!
The grasping roots grab you!
The orc is unaffected.
The grasping roots constrict you.
You hear a shout! x3
You slash the orc!
You kill the orc!
Okawaru accepts your kill.
You hit something but do no damage. Something hits you but does no damage.
You closely miss the orc. You hit something. Something hits you.
The orc hits you but does no damage.
You hit the orc.
The orc is severely wounded.
You barely miss something. Something hits you but does no damage.
The orc hits you but does no damage.
You barely miss the orc.
The orc is severely wounded.
You completely miss something. Something hits you but does no damage.
You block the orc's attack.
You closely miss the orc. You headbutt the orc.
You kill the orc!
Okawaru accepts your kill.
You slash something! Okawaru accepts your kill.
Reactivating autopickup.
You feel a bit more experienced.
A two-headed ogre comes into view.
It is wielding a +0 giant club and a +0 great mace.
An orc priest comes into view.
It is wielding a +0 club and wearing a +2 ring mail of fire resistance.
Items here: ( )) / ††.
The orc priest casts a cantrip, but nothing happens.
An orc comes into view. It is wielding a +0 club.
The orc shouts!
There are monsters nearby!
There are monsters nearby!
You hit the two-headed ogre but do no damage.
The two-headed ogre hits you with a +0 giant club!!
The two-headed ogre hits you with a +0 great mace!
You hit the two-headed ogre. You headbutt the two-headed ogre.
The two-headed ogre is lightly wounded.
You slash the two-headed ogre! You headbutt the two-headed ogre.
The two-headed ogre is moderately wounded.
The two-headed ogre closely misses you. You block the two-headed ogre's attack.
An orc warrior comes into view. It is wielding a +0 long sword.
You completely miss the two-headed ogre.
You headbutt the two-headed ogre.
The two-headed ogre is moderately wounded.
You hit the orc priest.
The orc priest calls down the wrath of Beogh upon you.
Beogh smites you!
The two-headed ogre hits you with a +0 giant club!!
The two-headed ogre barely misses you.
Unknown command.
Aiming: Bolt of Light
Press: ? - help, Shift-Dir - straight line, f - two-headed ogre
Aim: a two-headed ogre, wielding a +0 giant club and a +0 great mace (moderately wounded, 88% to hit)
The bolt of light misses the two-headed ogre.
The orc priest hits you but does no damage.
Unknown command.
Okay, then.
Aiming: Paralyse
Press: ? - help, Shift-Dir - straight line, f/p - two-headed ogre
Aim: a two-headed ogre, wielding a +0 giant club and a +0 great mace (moderately wounded, chance to affect: 41%)
The two-headed ogre resists with some effort.
The two-headed ogre barely misses you. You furiously retaliate!
You headbutt the two-headed ogre! You block the two-headed ogre's attack.
An orc wizard comes into view. It is wielding a +0 dagger.
The orc priest hits you with a +0 club.
Aiming: Paralyse
Press: ? - help, Shift-Dir - straight line, f/p - two-headed ogre
Aim: a two-headed ogre, wielding a +0 giant club and a +0 great mace (heavily wounded, chance to affect: 41%)
The two-headed ogre resists with some effort.
The orc wizard shouts!
The orc priest barely misses you. The orc misses you. You furiously retaliate!
You headbutt the orc. The two-headed ogre closely misses you.
The two-headed ogre hits you with a +0 great mace!!
You die...

.)......##
##...###
.......##
###...#
.....###
###..###
......#
#>#....#
.......#
#...###
......##
##))#
......+
#)##
.....##
##..##
.....#
#.@o.#
......#
##Oo.#
.......
#...#
#o...#
#......
........
......o.#
#.##.....
....


You could see a two-headed ogre, an orc warrior, an orc priest, an orc wizard
and an orc.

Vanquished Creatures
  A two-headed ogre (D:8)
  Maurice (D:7)
  Maggie (D:7)
  The ghost of DocClef the Shield-Bearer, an amateur GnFi (D:4)
  Grinder (D:6)
  Prince Ribbit (D:7)
  A wyvern (D:7)
  2 steam dragons (D:6)
  Duvessa (D:6)
  Edmund (D:6)
  A water moccasin (D:6)
  A sky beast (D:8)
  An ice beast (D:8)
  An orc warrior (D:6)
  2 ogres
  2 black bears
  A phantom (D:5)
  A kobold brigand (D:8)
  3 scorpions
  4 wights (D:5)
  Dowan (D:6)
  A water moccasin skeleton (D:4)
  2 howler monkeys
  A bombardier beetle (D:5)
  A bullfrog zombie (D:4)
  Crazy Yiuf (D:7)
  2 orc priests
  A sleepcap (D:4)
  Jessica (D:2)
  6 orc wizards
  Natasha (twice) (D:2)
  4 gnolls (D:4)
  A howler monkey skeleton (D:4)
  13 adders
  3 shadow imps
  3 white imps
  12 ufetubi
  A dart slug (D:3)
  A ribbon worm (D:2)
  30 orcs
  6 endoplasms
  5 giant cockroaches
  7 goblins
  5 hobgoblins
  4 jackals (D:2)
  A quokka (D:4)
  7 ball pythons
  4 bats
  A frilled lizard (D:2)
  13 kobolds
  3 rats
171 creatures vanquished.

Notes
Turn   | Place    | Note
-------+----------+-------------------------------------------
     0 | D:1      | browni3141 the Minotaur Fighter began the quest for the
                  | Orb.
     0 | D:1      | Reached XP level 1. HP: 19/19 MP: 0/0
   157 | D:1      | Reached XP level 2. HP: 27/27 MP: 1/1
   638 | D:2      | Reached skill level 3 in Axes
   682 | D:2      | Noticed Natasha
   690 | D:2      | Killed Natasha
   691 | D:2      | Reached XP level 3. HP: 17/33 MP: 2/2
   799 | D:2      | Reached XP level 4. HP: 35/40 MP: 3/3
  1101 | D:2      | You fall into a shaft and drop 1 floor!
  1113 | D:3      | Reached skill level 4 in Axes
  1286 | D:2      | Noticed Jessica
  1291 | D:2      | Killed Jessica
  1329 | D:2      | Reached XP level 5. HP: 47/47 MP: 4/4
  1433 | D:2      | Noticed Natasha
  1437 | D:2      | Killed Natasha
  1945 | D:3      | Found a faded altar of an unknown god.
  2536 | D:4      | Reached skill level 5 in Axes
  2579 | D:4      | Reached XP level 6. HP: 30/55 MP: 5/5
  2819 | D:4      | Found a transporter.
  2819 | D:4      | Noticed DocClef's ghost (amateur GnFi)
  2847 | D:4      | Found a transporter.
  2868 | D:4      | Reached skill level 5 in Fighting
  2868 | D:4      | Reached skill level 5 in Armour
  2869 | D:4      | Reached skill level 5 in Shields
  3171 | D:4      | Killed DocClef's ghost
  3172 | D:4      | Reached skill level 6 in Axes
  3172 | D:4      | Reached XP level 7. HP: 8/61 MP: 6/6
  3417 | D:5      | Entered Level 5 of the Dungeon
  3469 | D:5      | Reached skill level 7 in Axes
  3765 | D:5      | Reached XP level 8. HP: 58/70 MP: 7/7
  4057 | D:5      | Reached skill level 8 in Axes
  4057 | D:5      | Reached skill level 1 in Evocations
  4516 | D:6      | Noticed Duvessa
  4516 | D:6      | Noticed Grinder
  4519 | D:6      | Noticed Dowan
  4536 | D:6      | Found a shimmering blue altar of Sif Muna.
  4648 | D:6      | Reached skill level 1 in Throwing
  4880 | D:6      | Noticed Edmund
  4892 | D:6      | Killed Edmund
  5207 | D:7      | Reached XP level 9. HP: 70/79 MP: 8/8
  5297 | D:7      | Noticed Maggie
  5309 | D:7      | Killed Maggie
  5310 | D:7      | Reached skill level 9 in Axes
  5612 | D:7      | Found a runed translucent door.
  5613 | D:7      | Noticed Crazy Yiuf
  5668 | D:7      | Found a staircase to the Ecumenical Temple.
  5682 | D:7      | Noticed Maurice
  5690 | D:7      | Something stole a ring of wizardry
  5690 | D:7      | Noticed Prince Ribbit
  5695 | D:7      | Something stole a throwing net
  5700 | D:7      | Something stole 204 gold
  5709 | D:7      | Killed Prince Ribbit
  5712 | D:7      | Killed Maurice
  5741 | Temple   | Entered the Ecumenical Temple
  5753 | Temple   | Became a worshipper of Warmaster Okawaru
  6164 | D:7      | Killed Crazy Yiuf
  6488 | D:6      | Paralysed by Grinder for 5 turns
  6499 | D:6      | Killed Grinder
  6500 | D:6      | Reached skill level 10 in Axes
  6504 | D:6      | Killed Dowan
  6504 | D:6      | Killed Duvessa
  6504 | D:6      | Reached * piety under Okawaru
  6726 | D:8      | Noticed a two-headed ogre
  6735 | D:8      | Killed a two-headed ogre
  6736 | D:8      | Reached XP level 10. HP: 69/88 MP: 9/9
  6954 | D:8      | Noticed a two-headed ogre
  6963 | D:8      | HP: 3/89 [orc priest/+0 club (3)]
  6964 | D:8      | Demolished by a two-headed ogre

Illustrated notes

Levels and vault maps discovered:
D:1:      dreamdust_arrival_beginning_and_end, layout_loops_ring,
          dreamdust_princess_corridor
D:2:      layout_basic, uniq_natasha, uniq_jessica
D:3:      layout_basic, shapermc_ecumenical_altar_gd, kennysheep_generic_room_14
D:4:      layout_basic, gammafunk_ghost_mausoleum, hangedman_decor_points
D:5:      layout_basic
D:6:      kennysheep_steamy, layout_basic, mainiacjoe_overflow_paths,
          uniq_duvessa, uniq_edmund, uniq_grinder
D:7:      layout_loops_cross, temple_green, st_stairs_13, uniq_maurice,
          uniq_crazy_yiuf_cottage, uniq_prince_ribbit1, uniq_maggie
D:8:      layout_cave_pools, chequers_temple_overflow_minitemple,
          reono_crystal_passage, chequers_serial_rivers_micro_c,
          nicolae_shop_clearance
Temple:   nicolae_temple_superstar

Skill      XL: |  1  2  3  4  5  6  7  8  9 10 |
---------------+-------------------------------+-----
Axes           | 3 4 5 6 7 8 10 | 10.6
Fighting       | 4 5 6 7 8 |  8.3
Armour         | 4 5 6 7 8 |  8.2
Shields        | 4 5 6 7 8 |  8.2
Evocations     | 2 3 |  3.7
Throwing       | 1 3 4 |  4.0

Action                     |  1- 3 |  4- 6 |  7- 9 | 10-12 || total
---------------------------+-------+-------+-------+-------++-------
  Melee: War axe           |    35 |   136 |   209 |    38 ||   418
         Headbutt          |     5 |    16 |    46 |     7 ||    74
  Throw: Boomerang         |       |       |     1 |       ||     1
  Evoke: Wand              |       |       |     3 |     3 ||     6
    Use: Potion            |       |     1 |       |       ||     1
         Scroll            |       |       |     3 |       ||     3
   Stab: Invisible         |       |       |     3 |       ||     3
 Armour: Scale mail        |    34 |    69 |       |       ||   103
         Chain mail        |       |    38 |       |       ||    38
         Plate armour      |       |    15 |   217 |       ||   232
         Skin              |       |       |    26 |       ||    26
         Swamp dragon scal |       |       |     3 |    26 ||    29
  Dodge: Dodged            |    22 |    79 |    67 |    16 ||   184
  Block: Buckler           |     9 |    36 |    63 |    11 ||   119
